 Dungeon Crawl Stone Soup version 0.30.1-11-g7821555f0a (webtiles) character file.

Game seed: 4950750668481112028

1831 case the Cleaver (level 8, 0/100 HPs)
             Began as a Minotaur Berserker on Jan 2, 2024.
             Was a Believer of Trog.
             Succumbed to a scorpion's poison
             ... on level 6 of the Dungeon.
             The game lasted 00:07:44 (5739 turns).

case the Cleaver (Minotaur Berserker)               Turns: 5739, Time: 00:07:44

Health: 0/100      AC: 11    Str: 24    XL:     8   Next: 86%
Magic:  7/7        EV:  7    Int:  4    God:    Trog [**....]
Gold:   158        SH:  0    Dex: 10    Spells: 7/7 levels left

rFire   . . .        a - +0 hand axe
rCold   + . .        (no shield)
rNeg    . . .        x - +0 plate armour
rPois   .            (helmet restricted)
rElec   .            (no cloak)
rCorr   .            (no gloves)
SInv    .            (no boots)
Will    +....        (no amulet) Stlth
                     d - ring of willpower
HPRegen 0.36/turn    f - ring of protection from cold
MPRegen 0.10/turn

%: no passive effects
@: berserking (expiring), lethally poisoned (0 -> -1), very quick
A: horns 2, retaliatory headbutt
a: Renounce Religion, Berserk, Trog's Hand


You were on level 6 of the Dungeon.
You worshipped Trog.
Trog was pleased with you.
You visited 1 branch of the dungeon, and saw 6 of its levels.

You collected 158 gold pieces.

Inventory:

Hand Weapons
 a - a +0 hand axe (weapon)
Armour
 g - a +0 leather armour
 l - a +0 ring mail
 q - +0 steam dragon scales
 x - a +0 plate armour (worn)
Jewellery
 d - a ring of willpower (left hand)
 f - a ring of protection from cold (right hand)
 i - an amulet of the acrobat
Wands
 y - a wand of polymorph (9)
 z - a wand of mindburst (14)
Scrolls
 b - a scroll of magic mapping {unknown}
 e - 4 scrolls of teleportation
 k - 2 scrolls of enchant weapon
 m - 3 scrolls of fog {unknown}
 p - a scroll of enchant armour {unknown}
 w - a scroll of amnesia {unknown}
Potions
 c - 2 potions of attraction
 h - 2 potions of lignification
 j - 2 potions of flight
 n - 2 potions of might
 o - 3 potions of curing {unknown}
 r - 3 potions of haste {unknown}
 s - a potion of brilliance {unknown}
 t - 3 potions of magic {unknown}
 u - a potion of resistance {unknown}
 v - a potion of mutation {unknown}


   Skills:
 - Level 4.6 Fighting
 + Level 13.1 Axes
 - Level 3.8 Armour
 - Level 3.4 Dodging


You had 7 spell levels left.
You didn't know any spells.
Your spell library contained the following spells:

 Spells                   Type           Power      Damage    Failure   Level
 Freeze                   Ice            0%         1d3       100%        1
 Frozen Ramparts          Ice            0%         1d1       100%        3
 Hailstorm                Conj/Ice       0%         3d3       100%        3


Dungeon Overview and Level Annotations

Branches:
Dungeon (6/15)
 Temple: D:4-7

Altars:
Makhleb
Nemelex Xobeh
The Shining One


Innate Abilities, Weirdness & Mutations

You have a pair of horns on your head.
You reflexively headbutt those who attack you in melee.


Message History

The yak is moderately wounded.
You feel sick.
You hit the yak.
The yak is moderately wounded.
You feel sick. The yak gores you.
You hit the yak. Your headbutt misses the yak.
The yak is moderately wounded.
You feel sick. The yak gores you.
You hit the yak but do no damage. Your headbutt misses the yak.
The yak is moderately wounded.
You feel sick.
You feel sick. The yak gores you!
* * * LOW HITPOINT WARNING * * *
You feel sick. The yak gores you but does no damage.
A red film seems to cover your vision as you go berserk!
You feel yourself moving faster!
You feel mighty!
You feel sick. The yak gores you!
* * * LOW HITPOINT WARNING * * *
You barely miss the yak.
The yak is moderately wounded.
The yak closely misses you.
You slash the yak!
The yak is severely wounded.
You feel sick.
You slash the yak!
The yak is almost dead.
The yak gores you!
* * * LOW HITPOINT WARNING * * *
You slash the yak!
You kill the yak!
Trog accepts your kill.
You feel sick.
Your Axes skill increases to level 13!
The yak gores you.
* * * LOW HITPOINT WARNING * * *
Things that are here:
a scorpion corpse; a yak corpse You barely miss the yak.
You headbutt the yak!!
The yak is heavily wounded.
You die...

### #### #.# ##..# #..
#...## #.# ###....# #.#
#....#Y## #.# .
##.#YY#.Y## #@# #..
##..s.###..## #Y###....
#...Y## ##.s###YY...#
.. #....## ##..##..####
.... #...##.
#..##Y.....#.# ##.#..
...##..#.#..##.......#
.....# .## .#._.#.
###...#.##.....# .
..#.#..##..............
#
#..#..+#.....###...#.#


You could see 3 yaks.

Vanquished Creatures
  Sigmund (D:4)
  A wyvern (D:4)
  2 yaks (D:6)
  A steam dragon (D:6)
  An ice beast (D:5)
  2 black bears
  A centaur (D:6)
  A phantom (D:4)
  2 scorpions
  A howler monkey (D:5)
  3 orc priests
  A jelly (D:5)
  2 hounds (D:5)
  3 iguanas
  2 orc wizards
  8 gnolls
  4 adders
  An ufetubus (D:4)
  6 worms
  4 dart slugs
  4 orcs
  A bat (D:1)
  7 endoplasms
  A giant cockroach (D:4)
  9 goblins
  4 hobgoblins
  3 jackals (D:4)
  11 kobolds
  A quokka (D:4)
  7 ball pythons
  A frilled lizard (D:1)
  4 rats
100 creatures vanquished.

Notes
Turn   | Place    | Note
-------+----------+-------------------------------------------
     0 | D:1      | case the Minotaur Berserker began the quest for the Orb.
     0 | D:1      | Reached XP level 1. HP: 19/19 MP: 0/0
   134 | D:1      | Reached XP level 2. HP: 20/27 MP: 1/1
   345 | D:1      | Reached skill level 4 in Axes
   931 | D:2      | Reached XP level 3. HP: 33/33 MP: 2/2
  1080 | D:2      | Found a burning altar of Makhleb.
  1704 | D:3      | Reached ** piety under Trog
  2012 | D:3      | Reached XP level 4. HP: 27/40 MP: 3/3
  2635 | D:3      | HP: 2/61 [something (2)]
  2639 | D:3      | Reached XP level 5. HP: 2/47 MP: 4/4
  3168 | D:4      | Noticed a phantom
  3184 | D:4      | Killed a phantom
  3185 | D:4      | Reached skill level 5 in Axes
  3477 | D:4      | Noticed a wyvern
  3483 | D:4      | Killed a wyvern
  3484 | D:4      | Reached skill level 7 in Axes
  3484 | D:4      | Reached XP level 6. HP: 41/53 MP: 5/5
  3828 | D:4      | Reached skill level 8 in Axes
  3828 | D:4      | Reached XP level 7. HP: 18/60 MP: 6/6
  4127 | D:4      | Noticed Sigmund
  4143 | D:4      | Killed Sigmund
  4144 | D:4      | Reached skill level 9 in Axes
  4317 | D:5      | Entered Level 5 of the Dungeon
  4566 | D:5      | Found a sparkling altar of Nemelex Xobeh.
  4588 | D:5      | Identified the +3 dagger "Spiderslayer" {heavy, Contam
                  | rPois rF+ Stlth+}
  4624 | D:5      | Reached skill level 10 in Axes
  4705 | D:5      | Reached XP level 8. HP: 61/67 MP: 7/7
  5053 | D:5      | Reached skill level 11 in Axes
  5480 | D:6      | Reached skill level 12 in Axes
  5674 | D:6      | Found a glowing golden altar of the Shining One.
  5736 | D:6      | HP: 4/100 [yak (8)]
  5738 | D:6      | Reached skill level 13 in Axes
  5738 | D:6      | HP: 1/100 [yak (2)]
  5739 | D:6      | Succumbed to a scorpion's poison

Illustrated notes

Levels and vault maps discovered:
D:1:      giann_bridges, layout_basic, minmay_cupped
D:2:      layout_loops_ring, basic_altar, corexii_shack
D:3:      layout_basic, minivault_27, minmay_misc_feat_plants
D:4:      layout_loops_cross, serial_aquarium, aquarium_bridge_long_separate
          [aquarium_subvault_bridge, aquarium_subvault_window,
          aquarium_subvault_wall, aquarium_subvault_bridge,
          aquarium_subvault_wall, aquarium_subvault_bridge], aquarium_window_2,
          aquarium_window_2, aquarium_view_2b, aquarium_view_2e, uniq_sigmund
D:5:      layout_gridville, mainiacjoe_overflow_concentric_impassable
D:6:      kennysheep_big_flooded_room, layout_basic, tso_metal_star,
          minmay_temple_entry_large_hall, uniq_blork_the_orc,
          uniq_prince_ribbit1

Skill      XL: |  1  2  3  4  5  6  7  8 |
---------------+-------------------------+-----
Axes           | 4 7 8 10 13 | 13.1
Fighting       | 4 |  4.6
Armour         | 3 |  3.8
Dodging        | 3 |  3.4

Action                     |  1- 3 |  4- 6 |  7- 9 || total
---------------------------+-------+-------+-------++-------
  Melee: Hand axe          |    87 |    92 |   137 ||   316
         Headbutt          |    16 |    16 |    23 ||    55
         Punch             |       |       |     1 ||     1
 Invoke: Berserk           |       |     3 |     3 ||     6
    Use: Scroll            |     3 |     2 |     3 ||     8
 Armour: Animal skin       |     1 |       |       ||     1
         Leather armour    |    19 |     5 |       ||    24
         Ring mail         |       |    19 |     8 ||    27
         Plate armour      |       |       |    44 ||    44
  Dodge: Dodged            |    35 |    44 |    57 ||   136
